 Dungeon Crawl Stone Soup version 0.30-a0-840-ga523dec638 (webtiles) character file.

Game seed: 14675449888903069799

74 xian the Chopper (level 4, -3/45 HPs)
             Began as an Ogre Gladiator on Mar 2, 2023.
             Slain by Ijyb
             ... wielding a +0 dagger
              (4 damage)
             ... on level 3 of the Dungeon.
             The game lasted 00:02:21 (1406 turns).

xian the Chopper (Ogre Gladiator)                   Turns: 1406, Time: 00:02:21

Health: -3/45      AC:  3    Str: 20    XL:     4   Next: 28%
Magic:  4/4        EV: 10    Int:  9    God:
Gold:   106        SH:  0    Dex: 10    Spells: 3/3 levels left

rFire   . . .      SeeInvis .    a - +0 war axe
rCold   . . .      Faith    .    (no shield)
rNeg    + . .      Spirit   .    b - +0 robe
rPois   .          Reflect  .    c - +0 hat
rElec   .          Harm     .    (no cloak)
rCorr   .          Rampage  .    (gloves unavailable)
Will    +....                    (boots unavailable)
Stlth   +                        (no amulet)
HPRegen 0.27/turn                q - ring of positive energy
MPRegen 0.09/turn                g - ring of willpower

@: no status effects
A: large, unfitting armour, tough skin 1
a: no special abilities


You were on level 3 of the Dungeon.
You visited 1 branch of the dungeon, and saw 3 of its levels.

You collected 106 gold pieces.

Inventory:

Hand Weapons
 a - a +0 war axe (weapon)
Missiles
 d - 3 throwing nets
 e - a large rock
 i - 7 stones (quivered)
Armour
 b - a +0 robe (worn)
 c - a +0 hat (worn)
Jewellery
 g - a ring of willpower (right hand)
 q - a ring of positive energy (left hand)
Scrolls
 h - a scroll of identify {unknown}
 j - a scroll of silence {unknown}
 l - 2 scrolls of amnesia {unknown}
 m - a scroll of enchant weapon {unknown}
 o - a scroll of noise {unknown}
 p - 3 scrolls of immolation {unknown}
Potions
 f - a potion of heal wounds {unknown}
 k - a potion of flight {unknown}
 n - a potion of curing {unknown}


   Skills:
 + Level 3.2 Fighting
 + Level 3.9 Axes
 + Level 2.6 Throwing
 + Level 3.1 Dodging
 + Level 0.3 Stealth


You had 3 spell levels left.
You didn't know any spells.
Your spell library contained the following spells:

 Spells                   Type           Power      Damage    Failure   Level
 Kiss of Death            Conj/Necr      0%         2d5       38%         1
 Confusing Touch          Hex            0%         N/A       77%         3
 Ignite Poison            Fire/Tmut/Pois 0%         N/A       77%         3
 Dispel Undead            Necr           0%         3d6       99%         4
 Sticky Flame             Conj/Fire      0%         2d3       99%         4
 Ignition                 Fire           0%         3d3       100%        8


Dungeon Overview and Level Annotations

Branches:
Dungeon (3/15)

Altars:

Annotations:
D:3 Ijyb


Innate Abilities, Weirdness & Mutations

You are too large for most types of armour.
You have tough skin. (AC +1)


Message History

Ijyb shouts!
You barely miss Ijyb.
Ijyb zaps a wand.
The roots erupt in riotous growth!
The grasping roots grab you!
Ijyb is unaffected.
The grasping roots constrict you.
You hear a shout!
You hit Ijyb.
Ijyb is lightly wounded.
Ijyb hits you with a +0 dagger. The grasping roots constrict you!
Ijyb hits you with a +0 dagger. The grasping roots constrict you.
You miss Ijyb.
Ijyb is lightly wounded.
Ijyb hits you with a +0 dagger. The grasping roots constrict you.
The grasping roots release their grip on you.
You closely miss Ijyb.
Ijyb is lightly wounded.
Ijyb zaps a wand.
The roots erupt in riotous growth!
The grasping roots grab you!
Ijyb is unaffected.
The grasping roots constrict you.
You hear a shout!
You closely miss Ijyb.
Ijyb is lightly wounded.
Ijyb completely misses you. The grasping roots constrict you.
* * * LOW HITPOINT WARNING * * *
Ijyb hits you with a +0 dagger.
* * * LOW HITPOINT WARNING * * *
The grasping roots constrict you.
* * * LOW HITPOINT WARNING * * *
The grasping roots release their grip on you.
You miss Ijyb.
Ijyb is lightly wounded.
Ijyb barely misses you.
Unknown command.
Unknown command.
Ijyb hits you with a +0 dagger.
* * * LOW HITPOINT WARNING * * *
Ijyb attacks as you move away! Ijyb hits you with a +0 dagger.
* * * LOW HITPOINT WARNING * * *
There is a shaft here.
Ijyb attacks as you move away! Ijyb hits you with a +0 dagger.
You die...

#.#.##...##.....<########
#........##..............
#........#####.##########
###.####.# #.# #.#
#.#####.# #.# #.......##
#.# ######...## #.##
##.g...## #..##
##..@....##
#####...####.........#
............'.........+
######...####.........#
#......# ##.......##
#.##.#.# ##.....## #
#.#.# ##...## ..#.# ##+##
#.##.#


You could see Ijyb.

Vanquished Creatures
  A jelly (D:3)
  A dart slug (D:2)
  5 ball pythons
  A bat (D:1)
  4 endoplasms
  2 giant cockroaches
  3 hobgoblins (D:1)
  5 kobolds
  A quokka (D:1)
  A frilled lizard (D:1)
  7 goblins
  5 rats
36 creatures vanquished.

Notes
Turn   | Place    | Note
-------+----------+-------------------------------------------
     0 | D:1      | xian the Ogre Gladiator began the quest for the Orb.
     0 | D:1      | Reached XP level 1. HP: 22/22 MP: 1/1
    57 | D:1      | Reached XP level 2. HP: 20/29 MP: 2/2
   322 | D:1      | Reached XP level 3. HP: 30/37 MP: 3/3
  1388 | D:3      | Reached XP level 4. HP: 45/45 MP: 4/4
  1395 | D:3      | Noticed Ijyb
  1405 | D:3      | HP: 1/45 [Ijyb/+0 dagger (3)]
  1406 | D:3      | Slain by Ijyb

Illustrated notes

Levels and vault maps discovered:
D:1:      evilmike_arrival_crescent, layout_rooms, minmay_pentomino_w4
D:2:      layout_basic
D:3:      minmay_thinvault, layout_loops_corners,
          shapermc_ecumenical_altar_mp_urbaneastern, uniq_robin, uniq_ijyb

Skill      XL: |  1  2 |
---------------+-------+-----
Fighting       | 3 |  3.2
Dodging        | 3 |  3.1
Axes           | |  3.9
Throwing       | |  2.6
Stealth        | |  0.3

Action                     |  1- 3 |  4- 6 || total
---------------------------+-------+-------++-------
  Melee: War axe           |    81 |     6 ||    87
  Throw: Stone             |    19 |       ||    19
   Stab: Sleeping          |     1 |       ||     1
 Armour: Robe              |    26 |       ||    26
  Dodge: Dodged            |    48 |     2 ||    50

Table legend: (Time is in decaauts)
 A = Elapsed time spent in this place.
 B = Non-inter-level travel time spent in this place.
 C = Inter-level travel time spent in this place.
 D = Time resting spent in this place.
 E = Time spent auto-exploring this place.
 F = Levels seen in this place.
 G = Mean time per level.
                   A        B        C        D        E       F      G
               +--------+--------+--------+--------+--------+-----+--------+
         Total |   1433 |   1433 |      0 |      0 |   1097 |   3 |  477.7 |
       Dungeon |   1433 |   1433 |      0 |      0 |   1097 |   3 |  477.7 |
               +--------+--------+--------+--------+--------+-----+--------+

Top non-repeatable levels by time:
     D:1: 743 daAuts
     D:2: 608 daAuts
     D:3: 82 daAuts
